 Dungeon Crawl Stone Soup version 0.28.0 (webtiles) character file.

Game seed: 14523283365623584610

884 Minsecho the Skirmisher (level 8, -2/124 (126) HPs)
             Began as an Ogre Berserker on Feb 15, 2022.
             Was a Priest of Trog.
             Slain by an iguana (6 damage)
             ... on level 6 of the Dungeon.
             The game lasted 00:05:23 (5399 turns).

Minsecho the Skirmisher (Ogre Berserker)            Turns: 5399, Time: 00:05:24

HP:   -2/124 (126)  AC:  4    Str: 22    XL:     8   Next: 5%
MP:   17/17         EV: 10    Int:  8    God:    Trog [***...]
Gold: 218           SH:  0    Dex: 10    Spells: 7/7 levels left

rFire   . . .      SeeInvis .   p - +1 flail (drain)
rCold   . . .      Faith    .   (no shield)
rNeg    . . .      Spirit   .   b - +0 animal skin
rPois   .          Reflect  .   (helmet restricted)
rElec   .          Harm     .   l - +0 cloak
rCorr   .          Rampage  .   (gloves unavailable)
Will    ++...                   (boots unavailable)
Stlth   ..........              (no amulet)
HPRegen 1.30/turn               e - ring of magical power
MPRegen 0.15/turn               (no ring)

@: berserking, strong-willed, regenerating, lightly drained, very quick
A: large, unfitting armour, tough skin 1
a: Renounce Religion, Berserk, Trog's Hand


You were on level 6 of the Dungeon.
You worshipped Trog.
Trog was most pleased with you.
You visited 1 branch of the dungeon, and saw 6 of its levels.

You collected 218 gold pieces.

Inventory:

Hand Weapons
 a - a +0 mace
 h - a +0 flail
 p - a +1 flail of draining (weapon)
Armour
 b - a +0 animal skin (worn)
 l - a +0 cloak (worn)
Jewellery
 e - a ring of magical power (left hand)
Wands
 s - a wand of flame (22)
Scrolls
 c - 2 scrolls of enchant armour {unknown}
 f - a scroll of amnesia {unknown}
 i - a scroll of holy word {unknown}
 j - a scroll of noise {unknown}
 k - 2 scrolls of fear {unknown}
 m - a scroll of magic mapping {unknown}
 o - a scroll of blinking {unknown}
 t - a scroll of teleportation {unknown}
Potions
 d - a potion of mutation {unknown}
 g - 2 potions of haste {unknown}
 n - a potion of curing {unknown}
 q - 2 potions of berserk rage {unknown}
 r - a potion of brilliance {unknown}


   Skills:
 + Level 6.9 Fighting
 + Level 6.8 Maces & Flails
 + Level 4.2 Dodging


You had 7 spell levels left.
You didn't know any spells.
Your spell library was empty.

Dungeon Overview and Level Annotations

Branches:
Dungeon (6/15)
 Temple: D:4-7

Altars:
Qazlal
Trog
Xom

Shops:
D:5 :


Innate Abilities, Weirdness & Mutations

You are too large for most types of armour.
You have tough skin. (AC +1)


Message History

You hit the kobold brigand.
The kobold brigand is severely wounded.
The kobold brigand hits you with a +0 short sword.
The iguana bites you. The kobold hits you but does no damage.
The kobold hits you with a +0 short sword.
The kobold brigand hits you with a +0 short sword!
You hit the kobold brigand.
The kobold brigand is almost dead.
The iguana bites you. The kobold closely misses you.
The kobold hits you but does no damage.
The kobold brigand hits you with a +0 short sword.
* * * LOW HITPOINT WARNING * * *
The iguana bites you.
* * * LOW HITPOINT WARNING * * *
Your skin crawls.
You feel strong-willed. The kobold hits you with a +0 club.
* * * LOW HITPOINT WARNING * * *
The kobold misses you.
The kobold brigand hits you with a +0 short sword.
* * * LOW HITPOINT WARNING * * *
The iguana bites you!
* * * LOW HITPOINT WARNING * * *
A red film seems to cover your vision as you go berserk!
You feel yourself moving faster!
You feel mighty! The kobold hits you with a +0 club.
* * * LOW HITPOINT WARNING * * *
The kobold closely misses you.
The kobold brigand hits you with a +0 short sword.
* * * LOW HITPOINT WARNING * * *
The iguana bites you but does no damage.
You closely miss the kobold brigand. Your punch misses the kobold brigand.
The kobold brigand is almost dead.
The kobold hits you but does no damage. x2
Unknown command.
You hit the kobold brigand.
You kill the kobold brigand!
Trog accepts your kill. The iguana bites you.
You die...

##...###...##..#
#...###...##..#
...............#
...............#
..........>....#
..............#
...##....##..#
#######'### ..#
######KK@##....##+##
....[.)KlK.........
...................#
...................#
#.##..##.####..##..#
# ### #.# ### ..#
>.. )# #... #....


You could see an iguana and 4 kobolds.

Vanquished Creatures
  Edmund (D:4)
  2 ogres (D:5)
  A phantom (D:4)
  A kobold brigand (D:6)
  Blork the orc (D:5)
  A scorpion (D:5)
  A howler monkey (D:4)
  2 orc priests
  Crazy Yiuf (D:3)
  3 iguanas
  Terence (D:2)
  An orc wizard (D:5)
  A howler monkey zombie (D:6)
  A gnoll (D:1)
  A howler monkey skeleton (D:5)
  3 adders
  An ufetubus (D:5)
  2 worms (D:2)
  A dart slug (D:2)
  6 orcs
  4 bats
  9 endoplasms
  3 giant cockroaches
  7 goblins
  12 hobgoblins
  10 kobolds
  3 quokkas
  5 ball pythons
  3 frilled lizards
  7 rats
95 creatures vanquished.

Notes
Turn   | Place    | Note
-------+----------+-------------------------------------------
     0 | D:1      | Minsecho the Ogre Berserker began the quest for the Orb.
     0 | D:1      | Reached XP level 1. HP: 24/24 MP: 1/1
   247 | D:1      | Reached XP level 2. HP: 32/32 MP: 2/2
   641 | D:1      | Reached XP level 3. HP: 20/40 MP: 3/3
   914 | D:1      | Reached ** piety under Trog
  1633 | D:2      | Reached XP level 4. HP: 26/49 MP: 4/4
  1905 | D:2      | Found a faded altar of an unknown god.
  2238 | D:2      | Reached skill level 5 in Fighting
  2567 | D:2      | Noticed Terence
  2577 | D:2      | Killed Terence
  2578 | D:2      | Reached XP level 5. HP: 45/57 MP: 5/5
  2853 | D:3      | Found a bloodstained altar of Trog.
  2853 | D:3      | Found a stormy altar of Qazlal.
  3094 | D:3      | Found a runed translucent door.
  3095 | D:3      | Noticed Crazy Yiuf
  3102 | D:3      | Killed Crazy Yiuf
  3487 | D:4      | Reached *** piety under Trog
  3753 | D:4      | Noticed Edmund
  3772 | D:4      | Killed Edmund
  3773 | D:4      | Reached skill level 5 in Maces & Flails
  3773 | D:4      | Reached XP level 6. HP: 67/67 MP: 6/6
  4112 | D:4      | Reached XP level 7. HP: 75/75 MP: 7/7
  4171 | D:4      | Found a shimmering altar of Xom.
  4328 | D:5      | Entered Level 5 of the Dungeon
  4466 | D:5      | Found Gimyve's Book Shop.
  4472 | D:5      | Noticed Blork the orc
  4480 | D:5      | Killed Blork the orc
  5133 | D:5      | Reached XP level 8. HP: 60/84 MP: 8/8
  5396 | D:6      | HP: 4/83 [iguana (11)]
  5399 | D:6      | Slain by an iguana

Illustrated notes

Levels and vault maps discovered:
D:1:      shiori_arrival_maze, layout_loops_ring
D:2:      layout_basic, shapermc_ecumenical_altar_totnotflames,
          chequers_hall_statues_y, uniq_terence
D:3:      layout_rooms, chequers_temple_overflow_statue_of_worship,
          serial_bayou_pond_a, uniq_crazy_yiuf_cottage
D:4:      layout_basic, kennysheep_mini_moat, minmay_misc_feat_columns,
          uniq_edmund
D:5:      layout_cave_pools, serial_shops, nicolae_shop_statue_plus,
          kennysheep_generic_room_6, uniq_blork_the_orc
D:6:      layout_gridville, minmay_temple_entry_fiery, serial_shops,
          nicolae_shop_crystal

Skill      XL: |  1  2  3  4  5  6  7 |
---------------+----------------------+-----
Maces & Flails | 3 4 5 6 |  6.8
Dodging        | 3 4 |  4.2
Fighting       | 5 6 |  6.9

Action                   |  1- 3 |  4- 6 |  7- 9 || total
-------------------------+-------+-------+-------++-------
Melee: Mace              |    99 |    44 |       ||   143
       Punch             |     1 |     2 |       ||     3
       Flail             |       |    70 |    75 ||   145
Invok: Berserk           |     1 |     1 |     1 ||     3
       Trog's Hand       |       |       |     1 ||     1
 Stab: Sleeping          |     1 |       |       ||     1
Armor: Animal skin       |    29 |    38 |    29 ||    96
Dodge: Dodged            |    54 |    62 |    36 ||   152
